 Dungeon Crawl Stone Soup version 0.27-a0-417-g317cea8a3c (webtiles) character file.

Game seed: 9032856293990796212

292 hellse the Cleaver (level 6, -2/51 HPs)
             Began as a Minotaur Berserker on Feb 25, 2021.
             Was a Believer of Trog.
             Slain by Eustachio
             ... wielding a +0 falchion
              (8 damage)
             ... on level 4 of the Dungeon.
             The game lasted 00:02:26 (3300 turns).

hellse the Cleaver (Minotaur Berserker)             Turns: 3300, Time: 00:02:26

Health: -2/51      AC:  5    Str: 23    XL:     6   Next: 10%
Magic:  0/5        EV: 11    Int:  4    God:    Trog [**....]
Gold:   147        SH:  0    Dex: 10    Spells: 5/5 levels left

rFire    . . .     SeeInvis .   u - +0 battleaxe
rCold    . . .     Faith    .   (shield currently unavailable)
rNeg     . . .     Spirit   +   q - +0 ring mail
rPois    .         Reflect  .   (helmet restricted)
rElec    .         Harm     .   n - scarf {+Inv}
rCorr    .         Rampage  .   (no gloves)
Will     .....                  (no boots)
Stlth    ..........             e - amulet of guardian spirit
HPRegen  0.17/turn              (no ring)
MPRegen  0.09/turn              (no ring)

@: berserk cooldown, slowed, very slow
A: retaliatory headbutt, horns 2
a: Renounce Religion, Evoke Invisibility, Berserk, Trog's Hand


You were on level 4 of the Dungeon.
You worshipped Trog.
Trog was pleased with you.
You visited 1 branch of the dungeon, and saw 4 of its levels.

You collected 147 gold pieces.

Inventory:

Hand Weapons
 a - a +0 hand axe
 u - a +0 battleaxe (weapon)
Missiles
 k - 30 bolts
 l - 98 arrows
Armour
 b - a +0 animal skin
 n - a scarf of invisibility (worn)
 q - a +0 ring mail (worn)
Jewellery
 e - an amulet of guardian spirit (around neck)
Scrolls
 c - a scroll of fear {unknown}
 d - 6 scrolls of identify {unknown}
 g - a scroll of magic mapping {unknown}
 h - a scroll of blinking {unknown}
 i - a scroll of enchant weapon {unknown}
 o - a scroll of teleportation {unknown}
 p - 2 scrolls of immolation {unknown}
 r - a scroll of noise {unknown}
Potions
 f - a potion of curing {unknown}
 j - a potion of brilliance {unknown}
 m - a potion of haste {unknown}
 s - 3 potions of flight {unknown}
 t - a potion of magic {unknown}


   Skills:
 - Level 3.6 Fighting
 + Level 8.3 Axes
 - Level 2.4 Armour
 - Level 2.1 Dodging


You had 5 spell levels left.
You didn't know any spells.
Your spell library was empty.

Dungeon Overview and Level Annotations

Branches:
Dungeon (4/15)
 Temple: D:4-7

Altars:
Okawaru

Annotations:
D:4 Eustachio


Innate Abilities, Weirdness & Mutations

You reflexively headbutt those who attack you in melee.
You have a pair of horns on your head.


Message History

Eustachio is almost dead.
You closely miss the iron imp. You barely miss the white imp.
The iron imp hits you but does no damage.
The white imp hits you but does no damage.
Eustachio mumbles some strange words.
Eustachio blinks!
Unknown command.
You slash the iron imp!
You kill the iron imp!
You barely miss the white imp.
You are no longer berserk.
You are exhausted.
You feel yourself slow down.
The white imp hits you but does no damage.
Unknown command.
The white imp hits you. The white imp freezes you.
Eustachio hits you with a +0 falchion.
You miss Eustachio.
Eustachio is almost dead.
You barely miss the white imp. The white imp gestures at you.
The puff of frost hits you!
* * * LOW HITPOINT WARNING * * *
Eustachio gestures wildly while chanting.
The white imp hits you. The white imp freezes you.
* * * LOW HITPOINT WARNING * * *
The quokka bites you but does no damage.
Eustachio hits you with a +0 falchion.
* * * LOW HITPOINT WARNING * * *
Unknown command.
You closely miss Eustachio.
Eustachio is almost dead.
You closely miss the white imp. You barely miss the iron imp.
You barely miss the quokka.
The quokka twitches its whiskers.
The quokka bites you.
* * * LOW HITPOINT WARNING * * *
The white imp hits you but does no damage.
Eustachio hits you with a +0 falchion!
You die...

#.### #...#
#.#.# #.#.####
#....!.#
#++##......#
...........#
#...55.5#
###.r@@.#
##.#..# #.#..#
#....# ##...#
#...# #.#
#...# #.
#..#######...#
#.
#............#


You could see Eustachio, 2 iron imps, a white imp (summoned) and a quokka.

Vanquished Creatures
  A phantom (D:2)
  A howler monkey (D:4)
  An orc wizard (D:3)
  A worker ant (D:4)
  4 adders
  3 oozes
  A worm (D:3)
  3 dart slugs
  4 leopard geckos
  3 orcs (D:3)
  A giant cockroach (D:2)
  6 goblins
  4 hobgoblins
  5 jackals (D:1)
  5 kobolds
  2 quokkas
  A ball python (D:1)
  7 bats
  12 frilled lizards
  4 rats
69 creatures vanquished.

Notes
Turn   | Place    | Note
-------+----------+-------------------------------------------
     0 | D:1      | hellse the Minotaur Berserker began the quest for the Orb.
     0 | D:1      | Reached XP level 1. HP: 19/19 MP: 0/0
    69 | D:1      | Reached skill level 4 in Axes
   203 | D:1      | Reached XP level 2. HP: 26/26 MP: 1/1
   500 | D:1      | Reached skill level 5 in Axes
   596 | D:1      | Reached XP level 3. HP: 31/31 MP: 2/2
  1333 | D:2      | Noticed a phantom
  1339 | D:2      | Killed a phantom
  1340 | D:2      | Reached skill level 6 in Axes
  1340 | D:2      | Reached XP level 4. HP: 35/39 MP: 1/3
  1529 | D:2      | Reached XP level 5. HP: 43/45 MP: 4/4
  1542 | D:2      | Reached skill level 7 in Axes
  1546 | D:2      | Reached ** piety under Trog
  2331 | D:3      | Found an iron altar of Okawaru.
  3207 | D:4      | Reached skill level 8 in Axes
  3283 | D:4      | Noticed Eustachio
  3292 | D:4      | Reached XP level 6. HP: 46/51 MP: 2/5
  3300 | D:4      | Slain by Eustachio

Illustrated notes

Levels and vault maps discovered:
D:1:      minmay_arrival_nine_rooms, layout_basic
D:2:      layout_loops_ring
D:3:      layout_basic, okawaru_ov_weapons_minmay
D:4:      layout_loops_ring, general_overflow_altar, dk_vineyard_1,
          minmay_cupped, uniq_eustachio

Skill      XL: |  1  2  3  4  5 |
---------------+----------------+-----
Axes           | 4 5 6 8 |  8.3
Fighting       | |  3.6
Armour         | |  2.4
Dodging        | |  2.1

Action                   |  1- 3 |  4- 6 || total
-------------------------+-------+-------++-------
Melee: Hand axe          |    63 |    74 ||   137
       Headbutt          |    13 |    13 ||    26
       Battleaxe         |       |    24 ||    24
Invok: Berserk           |     2 |     1 ||     3
 Stab: Sleeping          |       |     1 ||     1
Armor: Animal skin       |    14 |     5 ||    19
       Ring mail         |       |    22 ||    22
Dodge: Dodged            |    43 |    60 ||   103

Table legend: (Time is in decaauts)
 A = Elapsed time spent in this place.
 B = Non-inter-level travel time spent in this place.
 C = Inter-level travel time spent in this place.
 D = Time resting spent in this place.
 E = Time spent auto-exploring this place.
 F = Levels seen in this place.
 G = Mean time per level.
                   A        B        C        D        E       F      G
               +--------+--------+--------+--------+--------+-----+--------+
         Total |   3318 |   3079 |    239 |    160 |   2522 |   4 |  829.5 |
       Dungeon |   3318 |   3079 |    239 |    160 |   2522 |   4 |  829.5 |
               +--------+--------+--------+--------+--------+-----+--------+

Top non-repeatable levels by time:
     D:1: 1173 daAuts
     D:3: 1012 daAuts
     D:2: 904 daAuts
     D:4: 228 daAuts
